 Dungeon Crawl Stone Soup version 0.19-a0-3-g95c6029 (webtiles) character file.

105 Minkie the Gusty (level 4, -1/24 HPs)
             Began as a Tengu Air Elementalist on Apr 28, 2016.
             Slain by a jackal (3 damage)
             ... on level 2 of the Dungeon.
             The game lasted 00:07:26 (1929 turns).

Minkie the Gusty (Tengu Air Elementalist)           Turns: 1929, Time: 00:07:27

Health: -1/24      AC:  2    Str:  8    XL:     4   Next: 83%
Magic:  0/9        EV: 12    Int: 17    God:
Gold:   47         SH:  0    Dex: 14    Spells: 1 memorised, 7 levels left

rFire  . . .     SeeInvis .     o - +0 short sword
rCold  . . .     Gourm    .     a - +0 robe
rNeg   + . .     Faith    .     (no shield)
rPois  .         Spirit   .     (helmet restricted)
rElec  .         Dismiss  .     (no cloak)
rCorr  .         Reflect  .     (no gloves)
SustAt .         Harm     .     (boots unavailable)
MR     .....                    (no amulet)
Stlth  ++........               l - ring of positive energy
                                f - ring of wizardry

@: not resistant to hostile enchantments, unstealthy
A: beak, talons 3
a: no special abilities


You were on level 2 of the Dungeon.
You were not hungry.

You visited 1 branch of the dungeon, and saw 2 of its levels.

You collected 47 gold pieces.

Inventory:

Hand Weapons
 o - a +0 short sword (weapon)
Missiles
 p - 28 stones (quivered)
Armour
 a - a +0 robe (worn)
Jewellery
 f - a ring of wizardry (left hand)
 g - an uncursed ring of wizardry
 l - a ring of positive energy (right hand)
 s - an uncursed ring of wizardry
 t - an uncursed amulet of the gourmand {unknown}
Scrolls
 d - 2 scrolls of enchant armour {unknown}
 e - a scroll of teleportation {unknown}
 h - a scroll of recharging {unknown}
 i - 2 scrolls of remove curse {unknown}
 m - a scroll of random uselessness {unknown}
 n - a scroll of identify {unknown}
Potions
 j - a potion of agility {unknown}
 k - 2 potions of magic {unknown}
 q - a potion of heal wounds {unknown}
 r - a potion of brilliance {unknown}
Books
 b - a book of Air

   Spells                             Type                      Level
   a - Shock                          Conjuration/Air              1
   b - Swiftness                      Charms/Air                   2
   c - Repel Missiles                 Charms/Air                   2
   d - Static Discharge               Conjuration/Air              3
   e - Lightning Bolt                 Conjuration/Air              5
Comestibles
 c - 3 chunks of flesh


   Skills:
 - Level 2.1 Dodging
 - Level 2.0 Stealth
 + Level 2.8 Spellcasting
 * Level 4.0 Conjurations
 + Level 5.1 Air Magic


You had 7 spell levels left.
You knew the following spells:

 Your Spells              Type           Power        Failure   Level  Hunger
a - Shock                 Conj/Air       ###.         1%          1    #......


Dungeon Overview and Level Annotations

Branches:
Dungeon (2/15)

Altars:
Elyvilon


Innate Abilities, Weirdness & Mutations

You have a beak for a mouth.
You have claws for feet.


Message History

* * * LOW HITPOINT WARNING * * *
The jackal closely misses you. The jackal bites you.
* * * LOW HITPOINT WARNING * * *
You hit the jackal.
You kill the jackal!
Your Conjurations skill increases to level 4!
The jackal bites you.
* * * LOW HITPOINT WARNING * * *
The jackal bites you but does no damage.
Casting: Shock
Confirm with . or Enter, or press ? or * to list all spells.
Aiming: Shock
Press: ? - help, Shift-Dir - straight line, f - jackal
Aim: a jackal The zap misses the jackal.
The jackal barely misses you.
You barely miss the jackal.
The jackal bites you but does no damage.
The jackal barely misses you.
You closely miss the jackal. Your peck misses the jackal. The jackal bites you.
You die...

#.....).....##.#...##
#................_....
#............##...#.#
#............# #.##
#.......#...###...
#.#..####.......### #....#
#........#####
##.#####...####h###.........
##...........>.@†..........#
##..#####.#.................#
........)...................#
.....##...#.................#
........###.................#
..........[..........####.....
.....###....)........# ##.##
.....#...#............# .#
...###.###..........#.# .


You could see a jackal.

Vanquished Creatures
  Natasha (D:2)
  Robin (D:2)
  2 adders
  An ooze (D:1)
  2 dart slugs
  2 giant geckos
  A giant cockroach (D:1)
  9 goblins
  7 hobgoblins
  3 jackals (D:2)
  4 kobolds
  2 bats (D:2)
  3 rats (D:2)
38 creatures vanquished.

Notes
Turn   | Place    | Note
--------------------------------------------------------------
     0 | D:1      | Minkie the Tengu Air Elementalist began the quest for the Orb.
     0 | D:1      | Reached XP level 1. HP: 10/10 MP: 4/4
   210 | D:1      | Reached XP level 2. HP: 15/15 MP: 0/6
  1210 | D:1      | Reached XP level 3. HP: 14/19 MP: 0/7
  1550 | D:2      | Noticed Robin
  1564 | D:2      | Killed Robin
  1564 | D:2      | Reached XP level 4. HP: 17/24 MP: 3/9
  1565 | D:2      | Reached skill level 5 in Air Magic
  1821 | D:2      | Noticed Natasha
  1888 | D:2      | Found a white marble altar of Elyvilon.
  1901 | D:2      | Killed Natasha
  1929 | D:2      | Slain by a jackal

Vault maps used:
D:1:      lightli_molten_gateway
D:2:      nicolae_overflow_crystal_walls, hangedman_decor_points, uniq_natasha,
          uniq_robin

Skill      XL: |  1  2  3  4 |
---------------+-------------+-----
Conjurations   | 2 3 4 |  4.0
Air Magic      | 5 |  5.1
Dodging        | |  2.1
Stealth        | |  2.0
Spellcasting   | |  2.8

Action                   |  1- 3 |  4- 6 || total
-------------------------+-------+-------++-------
Melee: Peck              |     2 |     2 ||     4
       Unarmed           |     1 |       ||     1
       Short sword       |     4 |    14 ||    18
 Cast: Shock             |    62 |    27 ||    89
  Eat: Bread ration      |     1 |       ||     1
Armor: Robe              |     5 |     4 ||     9
Dodge: Dodged            |    13 |    19 ||    32
